 Dungeon Crawl Stone Soup version 0.18.1-47-g9310371 (webtiles) character file.

2307 sleepydude the Grappler (level 9, -4/88 HPs)
             Began as a Troll Monk on June 14, 2016.
             Slain by a wolf (8 damage)
             ... led by Grum
             ... on level 8 of the Dungeon.
             The game lasted 00:36:44 (5971 turns).

sleepydude the Grappler (Troll Monk)                Turns: 5971, Time: 00:36:45

Health: -4/88      AC:  5    Str: 23    XL:     9   Next: 18%
Magic:  8/8        EV:  7    Int:  6    God:
Gold:   350        SH: 14    Dex: 13    Spells: 0 memorised, 8 levels left

rFire  . . .     SeeInvis +       - Unarmed
rCold  . . .     Gourm    +     a - +0 robe
rNeg   . . .     Faith    .     g - +2 large shield
rPois  .         Spirit   .     (helmet restricted)
rElec  .         Dismiss  .     (no cloak)
rCorr  +         Reflect  .     (gloves unavailable)
SustAt .         Harm     .     (boots unavailable)
MR     .....                    (no amulet)
Stlth  ++........               z - ring of resist corrosion
                                m - ring of see invisible

@: drained, not resistant to hostile enchantments, unstealthy
A: unfitting armour, claws 3, fast metabolism 3, gourmand, regeneration 2,
shaggy fur 1, tough skin 2
a: no special abilities


You were on level 8 of the Dungeon.
You were not hungry.

You visited 2 branches of the dungeon, and saw 9 of its levels.

You collected 350 gold pieces.

Inventory:

Armour
 a - a +0 robe (worn)
 g - a +2 large shield (worn)
Jewellery
 m - a ring of see invisible (left claw)
 t - an uncursed ring of flight
 z - a ring of resist corrosion (right claw)
Wands
 q - a wand of acid (5/15)
 u - a wand of iceblast (9/15)
 v - a wand of slowing (33/48)
 x - a wand of disintegration (13/24)
Scrolls
 h - a scroll of remove curse
 j - a scroll of amnesia
 o - 2 scrolls of identify
 r - a scroll of magic mapping
 w - a scroll of recharging
 A - a scroll of enchant weapon
Potions
 e - 4 potions of curing
 i - a potion of brilliance
 l - 2 potions of flight
 n - 2 potions of heal wounds
 s - 2 potions of mutation {unknown}
Books
 y - a book of Geomancy

   Spells                             Type                      Level
   a - Sandblast                      Earth                        1
   b - Passwall                       Transmutation/Earth          2
   c - Stone Arrow                    Conjuration/Earth            3
   d - Petrify                        Transmutation/Earth          4
   e - Lee's Rapid Deconstruction     Earth                        5
Comestibles
 b - 4 bread rations
 c - 5 slices of pizza
 d - a royal jelly
 k - 4 beef jerkies
 p - 5 meat rations


   Skills:
 + Level 5.5(5.1) Fighting
 + Level 4.8(4.5) Dodging
 - Level 3.0(2.7) Stealth
 - Level 0.7(0.4) Shields
 * Level 9.4(9.0) Unarmed Combat


You had 8 spell levels left.
You didn't know any spells.

Dungeon Overview and Level Annotations

Branches:
Dungeon (8/15)             Temple (1/1) D:7
   Lair: D:8-11

Altars:
Ashenzari
Cheibriados
Dithmenos
Elyvilon
Fedhas
Gozag
Kikubaaqudgha
Makhleb
Nemelex Xobeh
Okawaru
Pakellas
Qazlal
Ru
Sif Muna
Trog
Vehumet
Xom
Yredelemnul
Zin
The Shining One

Annotations:
D:8 Joseph; qqqbard's ghost, novice MiGl


Innate Abilities, Weirdness & Mutations

You are too large for most types of armour.
You have claws for hands.
Your metabolism is lightning-fast.
You like to eat raw meat.
You heal very quickly.
You are covered in fur (AC +1).
You have very tough skin (AC +2).


Message History

You block the wolf's attack.
The orc wizard looks braver for a moment.
Read which item? (? for menu, Esc to quit)
Okay, then.
You are too injured to fight recklessly!
The wolf completely misses you. You block the wolf's attack.
You barely miss the wolf. The wolf bites you but does no damage.
You block the wolf's attack.
You scratch the wolf but do no damage. The wolf bites you.
* * * LOW HITPOINT WARNING * * *
The wolf bites you but does no damage.
Unknown command.
You claw the wolf!
The wolf is severely wounded.
You block the wolf's attack.
You scratch the wolf but do no damage.
The wolf is severely wounded.
The wolf bites you!
You die...

### #.. #.# #.#
#.# #@#
############## #h#
.oo.....o.o..# #o#
......######o###o#
.h.a.........O.oO#
...h..#######o####
....... ...ยง
....... $.....o
####### ######.o.


You could see an ogre, a wolf, 2 orc wizards and an orc.

Vanquished Creatures
  Edmund (D:6)
  A water moccasin (D:6)
  An ice beast (D:6)
  A black bear (D:6)
  The ghost of RedEye the Shield-Bearer, an amateur MiFi (D:3)
  A phantom (D:5)
  2 centaurs
  An ogre (D:6)
  A crocodile (D:7)
  Blork the orc (D:6)
  2 scorpions
  8 wights
  A howler monkey (D:5)
  6 crimson imps
  A giant frog zombie (D:5)
  A hound (D:3)
  A giant frog skeleton (D:6)
  3 orc priests
  2 jellies
  5 orc wizards
  An iguana (D:5)
  2 worker ants (D:5)
  A hound skeleton (D:6)
  Robin (D:4)
  7 adders
  3 gnolls (D:7)
  An adder skeleton (D:4)
  2 worms
  2 dart slugs
  3 giant geckos
  14 orcs
  2 bat zombies (D:4)
  3 giant cockroaches
  15 goblins
  8 hobgoblins
  9 jackals
  6 kobolds
  3 quokkas
  A ball python (D:5)
  5 bats
  A giant cockroach zombie (D:5)
  A giant gecko skeleton (D:4)
  6 giant newts
  A quokka skeleton (D:4)
  16 rats
  A rat zombie (D:4)
156 creatures vanquished.

Vanquished Creatures (others)
  A kobold (D:2)
1 creature vanquished.

Grand Total: 157 creatures vanquished

Notes
Turn   | Place    | Note
--------------------------------------------------------------
     0 | D:1      | sleepydude the Troll Monk began the quest for the Orb.
     0 | D:1      | Reached XP level 1. HP: 22/22 MP: 0/0
   222 | D:1      | Reached XP level 2. HP: 28/29 MP: 1/1
   612 | D:2      | Reached XP level 3. HP: 35/36 MP: 2/2
   631 | D:2      | Found a radiant altar of Vehumet.
   687 | D:2      | Reached skill level 5 in Unarmed Combat
   966 | D:2      | Found an opulent altar of Gozag.
  1156 | D:2      | Found a blossoming altar of Fedhas.
  1610 | D:3      | Reached XP level 4. HP: 32/44 MP: 3/3
  1731 | D:3      | Found a basalt altar of Yredelemnul.
  1780 | D:3      | Noticed RedEye's ghost (amateur MiFi)
  1834 | D:3      | Killed RedEye's ghost
  1834 | D:3      | Reached XP level 5. HP: 32/52 MP: 4/4
  2253 | D:3      | Found a deep blue altar of Sif Muna.
  2292 | D:3      | Noticed a centaur
  2304 | D:3      | Killed a centaur
  2304 | D:3      | Reached skill level 6 in Unarmed Combat
  2377 | D:3      | Reached XP level 6. HP: 14/61 MP: 5/5
  2749 | D:4      | Noticed Robin
  2767 | D:4      | Killed Robin
  3149 | D:4      | Found an ancient bone altar of Kikubaaqudgha.
  3241 | D:5      | Entered Level 5 of the Dungeon
  3247 | D:5      | Found a snail-covered altar of Cheibriados.
  3295 | D:5      | Reached XP level 7. HP: 57/68 MP: 6/6
  3583 | D:5      | Found a stormy altar of Qazlal.
  3769 | D:5      | Found a shattered altar of Ashenzari.
  3881 | D:5      | Reached skill level 7 in Unarmed Combat
  4200 | D:6      | Reached XP level 8. HP: 75/78 MP: 7/7
  4643 | D:6      | Noticed Edmund
  4651 | D:6      | Killed Edmund
  4651 | D:6      | Reached skill level 8 in Unarmed Combat
  4831 | D:6      | Noticed Blork the orc
  4835 | D:6      | Killed Blork the orc
  4941 | D:6      | Found a glowing silver altar of Zin.
  4946 | D:6      | Noticed an angel
  4952 | D:6      | Found a shimmering altar of Xom.
  5041 | D:6      | Reached skill level 5 in Fighting
  5198 | D:7      | Found a bloodstained altar of Trog.
  5210 | D:7      | Reached skill level 9 in Unarmed Combat
  5299 | D:7      | Reached XP level 9. HP: 83/88 MP: 8/8
  5448 | D:7      | Found a staircase to the Ecumenical Temple.
  5455 | Temple   | Entered the Ecumenical Temple
  5792 | D:8      | Noticed qqqbard's ghost (novice MiGl)
  5931 | D:8      | Noticed Joseph
  5961 | D:8      | HP: 4/88 [ogre/giant club (15)]
  5969 | D:8      | HP: 3/88 [wolf[Grum] (6)]
  5971 | D:8      | Slain by a wolf

Skill      XL: |  1  2  3  4  5  6  7  8 |
---------------+-------------------------+-----
Unarmed Combat | 5 6 7 9 |  9.4
Fighting       | 3 4 5 |  5.5
Stealth        | 2 3 |  3.0
Dodging        | 3 4 |  4.8
Shields        | |  0.7

Action                   |  1- 3 |  4- 6 |  7- 9 || total
-------------------------+-------+-------+-------++-------
Melee: Unarmed           |   140 |   131 |   228 ||   499
 Abil: Stop Flying       |       |     1 |       ||     1
       Evoke Flight      |       |     1 |       ||     1
  Use: Scroll            |     7 |     1 |     4 ||    12
       Potion            |     1 |     1 |     6 ||     8
 Stab: Sleeping          |     2 |     3 |     5 ||    10
  Eat: Chunk             |    11 |    18 |    21 ||    50
       Bread ration      |     1 |       |       ||     1
Armor: Robe              |    31 |    23 |    42 ||    96
Dodge: Dodged            |    19 |    22 |    35 ||    76
Block: Large shield      |    64 |    82 |   119 ||   265
